[Event "XXIX Cracovia 2018"]
[Site "Krakow"]
[Date "2018.12.29"]
[Round "3"]
[White "Smal, Tobiasz"]
[Black "Andronescu, Madalin"]
[Result "1-0"]
[ECO "B54"]
[WhiteElo "1958"]
[BlackElo "2070"]
[Annotator "NA"]
[PlyCount "65"]
[EventDate "2018.12.27"]
[EventType "swiss"]
[EventCountry "POL"]
[SourceTitle "playchess.com"]
[Source "ChessBase"]
[SourceQuality "1"]
[TimeControl "40/5400+30:1800+30"]

1. e4 c5 2. Nf3 d6 3. d4 cxd4 4. Nxd4 Nf6 5. f3 Nc6 6. c4 g6 7. Nc3 Bg7 8. Be3 O-O 9. Qd2 Be6 10. Nxe6 fxe6 11. Be2 Rc8 12. O-O Qa5 13. a3 Ne5 14. b4 Qd8 15. Qa2 Nh5 16. f4 Nc6 17. Rac1 Nf6 18. c5 d5 19. Rfd1 Kh8 20. exd5 exd5 21. Nxd5 Nxd5 22. Qxd5 Qxd5 23. Rxd5 e5 24. fxe5 Nxe5 25. Rf1 Rfe8 26. Bb5 Ng4 27. Bd4 Red8 28. Bxg7+ Kxg7 29. Rd7+ Kh6 30. Rff7 Rh8 31. Rxb7 Rcd8 32. c6 Rd1+ 33. Rf1 1-0

[Event "XXIX Cracovia 2018"]
[Site "Krakow"]
[Date "2018.12.29"]
[Round "3"]
[White "Dzida, Kamil"]
[Black "Patsia, Zviad"]
[Result "0-1"]
[ECO "D38"]
[WhiteElo "1951"]
[BlackElo "2058"]
[Annotator "NA"]
[PlyCount "92"]
[EventDate "2018.12.27"]
[EventType "swiss"]
[EventCountry "POL"]
[SourceTitle "playchess.com"]
[Source "ChessBase"]
[SourceQuality "1"]
[TimeControl "40/5400+30:1800+30"]

1. d4 d5 2. c4 e6 3. Nf3 Nf6 4. Nc3 Bb4 5. Bg5 c5 6. cxd5 exd5 7. e3 Bxc3+ 8. bxc3 Qa5 9. Bxf6 gxf6 10. Qd2 c4 11. Be2 Be6 12. O-O Nd7 13. Qc2 f5 14. Nh4 O-O-O 15. Nxf5 Nf6 16. Ng3 h5 17. h4 Qc7 18. e4 Qf4 19. exd5 Nxd5 20. Bxc4 Qxh4 21. Qe4 Qg5 22. Bxd5 Qxd5 23. Qxd5 Rxd5 24. Rfe1 h4 25. Ne4 h3 26. gxh3 Bxh3 27. Re3 f5 28. Ng5 f4 29. Re5 Rxe5 30. dxe5 Bd7 31. Ne4 Bc6 32. f3 Rh5 33. Re1 Kd8 34. Nf6 Rh3 35. e6 Rg3+ 36. Kh2 Ke7 37. Nh5 Rxf3 38. Ng7 Kf6 39. Nh5+ Kg6 40. Re5 Rf1 41. Kh3 f3 42. Ng3 Rg1 43. Kg4 Kf6 44. Rf5+ Kxe6 45. Rf4 Rg2 46. Kh3 Rxa2 0-1

[Event "XXIX Cracovia 2018"]
[Site "Krakow"]
[Date "2018.12.29"]
[Round "3"]
[White "Gawronski, Lukasz"]
[Black "Szczecina, Kamil"]
[Result "1/2-1/2"]
[ECO "D55"]
[WhiteElo "1916"]
[BlackElo "1986"]
[Annotator "NA"]
[PlyCount "45"]
[EventDate "2018.12.27"]
[EventType "swiss"]
[EventCountry "POL"]
[SourceTitle "playchess.com"]
[Source "ChessBase"]
[SourceQuality "1"]
[TimeControl "40/5400+30:1800+30"]

1. d4 Nf6 2. Nf3 d5 3. c4 e6 4. Nc3 Be7 5. Bg5 O-O 6. e3 b6 7. cxd5 exd5 8. Rc1 Bb7 9. Bd3 Nbd7 10. O-O c5 11. Qe2 a6 12. Rfd1 c4 13. Bb1 b5 14. a3 Re8 15. Ne5 Ne4 16. Bf4 Bf6 17. Ng4 Bg5 18. Bg3 f5 19. Ne5 Bf6 20. f4 Nf8 21. Be1 Qb6 22. Qh5 g6 23. Qh3 1/2-1/2

[Event "XXIX Cracovia 2018"]
[Site "Krakow"]
[Date "2018.12.29"]
[Round "3"]
[White "Zeliantsova, Kseniya"]
[Black "Warchol, Bartosz"]
[Result "0-1"]
[ECO "C22"]
[WhiteElo "1858"]
[BlackElo "1975"]
[Annotator "NA"]
[PlyCount "46"]
[EventDate "2018.12.27"]
[EventType "swiss"]
[EventCountry "POL"]
[SourceTitle "playchess.com"]
[Source "ChessBase"]
[SourceQuality "1"]
[TimeControl "40/5400+30:1800+30"]

1. e4 e5 2. d4 exd4 3. Qxd4 Nc6 4. Qe3 g6 5. Nc3 Bg7 6. Bd2 d6 7. O-O-O Nf6 8. f3 O-O 9. g4 Re8 10. Qf2 Be6 11. g5 Nh5 12. f4 f5 13. exf5 Bxf5 14. Bc4+ Kh8 15. Nge2 Na5 16. Bd5 c6 17. Bf3 Nc4 18. Bxh5 gxh5 19. Ng3 Qa5 20. a3 Nxa3 21. Nb1 Nc4 22. Rde1 Bxb2+ 23. Kd1 Bg4+ 0-1

[Event "XXIX Cracovia 2018"]
[Site "Krakow"]
[Date "2018.12.29"]
[Round "4"]
[White "Klekowski, Maciej"]
[Black "Vojtek, Vladimir"]
[Result "1-0"]
[ECO "A13"]
[WhiteElo "2499"]
[BlackElo "2313"]
[Annotator "ChessBase"]
[PlyCount "85"]
[EventDate "2018.12.27"]
[EventType "swiss"]
[EventCountry "POL"]
[SourceTitle "playchess.com"]
[Source "ChessBase"]
[SourceQuality "1"]
[TimeControl "40/5400+30:1800+30"]

1. Nf3 d5 2. c4 e6 3. g3 c6 4. Qc2 Bd6 5. d4 f5 6. Nc3 Nf6 7. Bg2 O-O 8. O-O Ne4 9. c5 Be7 10. Bf4 g5 11. Bxb8 Rxb8 12. Ne5 Bf6 13. Nxe4 Bxe5 14. dxe5 fxe4 15. f3 Qc7 16. Qc3 exf3 17. exf3 Qe7 18. Rac1 Bd7 19. Rfd1 Be8 20. Rd4 b6 21. b4 Kh8 22. h4 gxh4 23. Rxh4 bxc5 24. Qxc5 Qxc5+ 25. Rxc5 Rf5 26. f4 Rf8 27. a3 Rb6 28. Ra5 a6 29. Bf1 Bg6 30. Rh2 d4 31. Bc4 Bf5 32. Rd2 Rd8 33. Kf2 Kg7 34. Rxa6 Rxa6 35. Bxa6 Ra8 36. Bb7 Rxa3 37. Bxc6 Bd3 38. Rb2 Bc4 39. b5 d3 40. b6 d2 41. Rxd2 Rb3 42. b7 Ba6 43. Rd8 1-0

[Event "XXIX Cracovia 2018"]
[Site "Krakow"]
[Date "2018.12.29"]
[Round "4"]
[White "Schreiner, Peter"]
[Black "Kyc, Jerzy"]
[Result "1/2-1/2"]
[ECO "A05"]
[WhiteElo "2479"]
[BlackElo "2280"]
[Annotator "ChessBase"]
[PlyCount "93"]
[EventDate "2018.12.27"]
[EventType "swiss"]
[EventCountry "POL"]
[SourceTitle "playchess.com"]
[Source "ChessBase"]
[SourceQuality "1"]
[TimeControl "40/5400+30:1800+30"]

1. Nf3 Nf6 2. c4 g6 3. Nc3 c5 4. e4 d6 5. d4 cxd4 6. Nxd4 Bg7 7. Be2 Nc6 8. Be3 O-O 9. O-O Bd7 10. h3 Rc8 11. Qd2 Nxd4 12. Bxd4 Bc6 13. Qd3 a5 14. b3 Nd7 15. Bxg7 Kxg7 16. Qd4+ Kg8 17. Bg4 Rc7 18. Bxd7 Rxd7 19. f4 f5 20. Rae1 e5 21. Qd2 Qb6+ 22. Kh2 fxe4 23. Nd5 Qc5 24. Rxe4 Rdf7 25. Rc1 exf4 26. Ne7+ Rxe7 27. Rxe7 Qg5 28. Rce1 Qg3+ 29. Kg1 f3 30. Qf2 Qxf2+ 31. Kxf2 fxg2+ 32. Kg1 Rf4 33. Rc7 a4 34. bxa4 Rf3 35. Kxg2 Rf7+ 36. Rxc6 bxc6 37. Re8+ Kg7 38. Rc8 c5 39. Rc6 Ra7 40. Rxd6 Rxa4 41. Rc6 Rxc4 42. a4 Rxa4 43. Rxc5 Kh6 44. Kg3 g5 45. Rc3 Kh5 46. Rb3 h6 47. Rc3 1/2-1/2

[Event "XXIX Cracovia 2018"]
[Site "Krakow"]
[Date "2018.12.29"]
[Round "4"]
[White "Tomczak, Mikolaj"]
[Black "Kusnetsov, Sergey"]
[Result "1/2-1/2"]
[ECO "B07"]
[WhiteElo "2442"]
[BlackElo "2257"]
[Annotator "NA"]
[PlyCount "55"]
[EventDate "2018.12.27"]
[EventType "swiss"]
[EventCountry "POL"]
[SourceTitle "playchess.com"]
[Source "ChessBase"]
[SourceQuality "1"]
[TimeControl "40/5400+30:1800+30"]

1. e4 d6 2. d4 Nf6 3. Nc3 g6 4. g3 Bg7 5. Bg2 O-O 6. Nge2 e5 7. h3 Nc6 8. Be3 exd4 9. Nxd4 Bd7 10. O-O Re8 11. Nde2 Rb8 12. a4 a6 13. g4 b5 14. axb5 axb5 15. Ng3 b4 16. Na4 h6 17. Qd2 Kh7 18. b3 Ne5 19. Rfe1 Bb5 20. Nb2 Nfd7 21. Ra2 Qe7 22. Nd1 c5 23. c4 bxc3 24. Nxc3 Nc6 25. Nd5 Qd8 26. Rd1 Nd4 27. Bxd4 Bxd4 28. Qf4 1/2-1/2

[Event "XXIX Cracovia 2018"]
[Site "Krakow"]
[Date "2018.12.29"]
[Round "4"]
[White "Cukrowski, Filip"]
[Black "Baum, Jonasz"]
[Result "1/2-1/2"]
[ECO "B52"]
[WhiteElo "2416"]
[BlackElo "2302"]
[Annotator "NA"]
[PlyCount "23"]
[EventDate "2018.12.27"]
[EventType "swiss"]
[EventCountry "POL"]
[SourceTitle "playchess.com"]
[Source "ChessBase"]
[SourceQuality "1"]
[TimeControl "40/5400+30:1800+30"]

1. e4 c5 2. Nf3 d6 3. Bb5+ Bd7 4. Bxd7+ Qxd7 5. c4 Nf6 6. Nc3 g6 7. d4 cxd4 8. Nxd4 Bg7 9. O-O O-O 10. f3 Rc8 11. b3 d5 12. exd5 1/2-1/2

[Event "XXIX Cracovia 2018"]
[Site "Krakow"]
[Date "2018.12.29"]
[Round "4"]
[White "Grib, Roman"]
[Black "Kokoszczynski, Jan"]
[Result "1/2-1/2"]
[ECO "B31"]
[WhiteElo "2412"]
[BlackElo "2242"]
[Annotator "NA"]
[PlyCount "52"]
[EventDate "2018.12.27"]
[EventType "swiss"]
[EventCountry "POL"]
[SourceTitle "playchess.com"]
[Source "ChessBase"]
[SourceQuality "1"]
[TimeControl "40/5400+30:1800+30"]

1. e4 c5 2. Nf3 Nc6 3. Bb5 g6 4. Bxc6 dxc6 5. d3 Bg7 6. h3 Nf6 7. Nc3 Nd7 8. Be3 e5 9. Qd2 h6 10. O-O b6 11. Nh2 Nf8 12. f4 exf4 13. Rxf4 g5 14. Rf2 Be6 15. a4 a5 16. Nf3 Qc7 17. Rff1 Ng6 18. d4 cxd4 19. Nxd4 O-O 20. Nf5 Rad8 21. Qf2 c5 22. Nxg7 Kxg7 23. Nb5 Qe7 24. Bd2 f6 25. b3 Kh7 26. Rae1 Rf7 1/2-1/2

[Event "XXIX Cracovia 2018"]
[Site "Krakow"]
[Date "2018.12.29"]
[Round "4"]
[White "Lewtak, Damian"]
[Black "Rakhmangulova, Anastasiya"]
[Result "1-0"]
[ECO "D00"]
[WhiteElo "2393"]
[BlackElo "2233"]
[Annotator "ChessBase"]
[PlyCount "123"]
[EventDate "2018.12.27"]
[EventType "swiss"]
[EventCountry "POL"]
[SourceTitle "playchess.com"]
[Source "ChessBase"]
[SourceQuality "1"]
[TimeControl "40/5400+30:1800+30"]

1. d4 d5 2. Bf4 Nf6 3. e3 e6 4. c3 c5 5. Nd2 Nc6 6. Ngf3 Bd6 7. Bg3 O-O 8. Bb5 Ne7 9. Bd3 h6 10. Qe2 cxd4 11. exd4 Rb8 12. O-O Ne8 13. a4 a6 14. a5 Bd7 15. Ne5 Bxe5 16. Bxe5 Rc8 17. Nb3 Nc6 18. Bg3 Nf6 19. Nc5 Nxa5 20. b4 Rxc5 21. bxc5 Nc4 22. f4 Qc8 23. Bh4 Nh7 24. Rf3 f5 25. Bxc4 dxc4 26. Re3 Nf6 27. Bxf6 Rxf6 28. Re1 Rg6 29. Qxc4 Kh7 30. Rg3 Rxg3 31. hxg3 a5 32. Ra1 Qc7 33. Qb3 a4 34. Qb6 Qc8 35. c4 Bc6 36. Rd1 Qe8 37. d5 exd5 38. cxd5 Bb5 39. Qe6 Qxe6 40. dxe6 Kg6 41. Re1 Kf6 42. e7 Kf7 43. Kf2 Bc6 44. Re3 h5 45. Re5 g6 46. Ke1 Ke8 47. Kd2 Bxg2 48. Re6 Bc6 49. Rxg6 Kxe7 50. Kc3 Kd7 51. Kb4 Kc7 52. Rg5 Bd7 53. Rg7 Kc8 54. Rh7 Kc7 55. Kc4 Kc6 56. Rxh5 b5+ 57. Kb4 Kc7 58. Rh6 Bc6 59. Rg6 Bd7 60. Rf6 Kb7 61. c6+ Bxc6 62. Rxf5 1-0

[Event "XXIX Cracovia 2018"]
[Site "Krakow"]
[Date "2018.12.29"]
[Round "4"]
[White "Goumas, Georgios"]
[Black "Chylewski, Patryk"]
[Result "1-0"]
[ECO "B17"]
[WhiteElo "2378"]
[BlackElo "2268"]
[Annotator "NA"]
[PlyCount "79"]
[EventDate "2018.12.27"]
[EventType "swiss"]
[EventCountry "POL"]
[SourceTitle "playchess.com"]
[Source "ChessBase"]
[SourceQuality "1"]
[TimeControl "40/5400+30:1800+30"]

1. e4 c6 2. d4 d5 3. Nd2 dxe4 4. Nxe4 Nd7 5. Nf3 Ngf6 6. Nxf6+ Nxf6 7. c3 Bg4 8. h3 Bxf3 9. Qxf3 e6 10. g3 Qd5 11. Bg2 O-O-O 12. O-O Qxf3 13. Bxf3 Nd5 14. Bd2 c5 15. dxc5 Bxc5 16. Rad1 Rd7 17. c4 Nb6 18. Bc3 f6 19. b4 Be7 20. Rxd7 Nxd7 21. c5 Rd8 22. Rc1 Kb8 23. Kg2 e5 24. a3 Nf8 25. Be4 g6 26. h4 Nd7 27. h5 f5 28. Bc2 Bf6 29. Rd1 Kc7 30. hxg6 hxg6 31. Rd6 b6 32. Rxf6 Nxf6 33. Bxe5+ Kc6 34. Bxf6 Rd2 35. Ba4+ b5 36. Bb3 Rd3 37. Bf7 Rxa3 38. Be8+ Kc7 39. Be5+ Kd8 40. Bxg6 1-0

[Event "XXIX Cracovia 2018"]
[Site "Krakow"]
[Date "2018.12.29"]
[Round "4"]
[White "Galperin, Platon"]
[Black "Ustinov, Alexey"]
[Result "1/2-1/2"]
[ECO "C10"]
[WhiteElo "2363"]
[BlackElo "2232"]
[Annotator "NA"]
[PlyCount "49"]
[EventDate "2018.12.27"]
[EventType "swiss"]
[EventCountry "POL"]
[SourceTitle "playchess.com"]
[Source "ChessBase"]
[SourceQuality "1"]
[TimeControl "40/5400+30:1800+30"]

1. e4 e6 2. d4 d5 3. Nd2 dxe4 4. Nxe4 Nd7 5. Nf3 Ngf6 6. Nxf6+ Nxf6 7. g3 b6 8. Bb5+ Bd7 9. a4 a6 10. Be2 Bc6 11. O-O Bd6 12. Ne5 Bxe5 13. dxe5 Qd5 14. Qxd5 Nxd5 15. a5 b5 16. Bd2 Kd7 17. Rfd1 Rhb8 18. c3 Ke8 19. h4 Ne7 20. h5 Bd5 21. h6 g6 22. Bg5 c5 23. Kh2 Rd8 24. Kh3 Bb3 25. Rdc1 1/2-1/2

[Event "XXIX Cracovia 2018"]
[Site "Krakow"]
[Date "2018.12.29"]
[Round "4"]
[White "Eggink, Ryszard"]
[Black "Janik, Igor"]
[Result "1/2-1/2"]
[ECO "A45"]
[WhiteElo "2343"]
[BlackElo "2476"]
[Annotator "ChessBase"]
[PlyCount "80"]
[EventDate "2018.12.27"]
[EventType "swiss"]
[EventCountry "POL"]
[SourceTitle "playchess.com"]
[Source "ChessBase"]
[SourceQuality "1"]
[TimeControl "40/5400+30:1800+30"]

1. d4 Nf6 2. Bg5 c5 3. Bxf6 exf6 4. Nf3 Qb6 5. b3 d5 6. e3 Be6 7. Bd3 Nc6 8. c3 Be7 9. O-O O-O 10. Nbd2 Rac8 11. Rc1 Rfd8 12. h3 g6 13. Qe2 f5 14. dxc5 Bxc5 15. b4 Bf8 16. a3 a5 17. Nb3 Bh6 18. Nc5 Re8 19. Qd2 Rcd8 20. Nd4 Ne5 21. Bb5 Re7 22. a4 Bc8 23. Ncb3 axb4 24. cxb4 Qf6 25. f4 Nc4 26. Bxc4 dxc4 27. Rxc4 Be6 28. Nxe6 Rxe6 29. Rd4 Rde8 30. Rf3 Bf8 31. Na5 Qe7 32. b5 b6 33. Nc6 Qc5 34. Kh2 h5 35. h4 Bg7 36. Rd5 Qc4 37. a5 Bc3 38. Qd3 Qxd3 39. Rxd3 Bxa5 40. Rf1 Rxe3 1/2-1/2

[Event "XXIX Cracovia 2018"]
[Site "Krakow"]
[Date "2018.12.29"]
[Round "4"]
[White "Naboka, Sergey"]
[Black "Bus, Konrad"]
[Result "1/2-1/2"]
[ECO "C42"]
[WhiteElo "2324"]
[BlackElo "2221"]
[Annotator "NA"]
[PlyCount "56"]
[EventDate "2018.12.27"]
[EventType "swiss"]
[EventCountry "POL"]
[SourceTitle "playchess.com"]
[Source "ChessBase"]
[SourceQuality "1"]
[TimeControl "40/5400+30:1800+30"]

1. e4 e5 2. Nf3 Nf6 3. Nxe5 d6 4. Nf3 Nxe4 5. Nc3 Nxc3 6. dxc3 Be7 7. Bf4 Nc6 8. Qd2 Be6 9. Ng5 Bxg5 10. Bxg5 Qd7 11. Be2 a6 12. O-O O-O 13. c4 Rfe8 14. Rad1 f6 15. Bf4 Rad8 16. Rfe1 Ne5 17. Qc3 Qc6 18. Bxe5 dxe5 19. Bf3 Qxc4 20. Qxc4 Bxc4 21. Rxd8 Rxd8 22. b3 Bf7 23. Bxb7 a5 24. Kf1 Rd2 25. Re2 Rd1+ 26. Re1 Rd2 27. Re2 Rd1+ 28. Re1 Rd2 1/2-1/2

[Event "XXIX Cracovia 2018"]
[Site "Krakow"]
[Date "2018.12.29"]
[Round "4"]
[White "Zakrzewski, Marek"]
[Black "Bombek, Peter"]
[Result "1-0"]
[ECO "C03"]
[WhiteElo "2311"]
[BlackElo "2205"]
[Annotator "NA"]
[PlyCount "63"]
[EventDate "2018.12.27"]
[EventType "swiss"]
[EventCountry "POL"]
[SourceTitle "playchess.com"]
[Source "ChessBase"]
[SourceQuality "1"]
[TimeControl "40/5400+30:1800+30"]

1. e4 e6 2. d4 d5 3. Nd2 a6 4. Bd3 c5 5. dxc5 Nf6 6. Qe2 Bxc5 7. Ngf3 Nc6 8. c3 Qc7 9. O-O Ba7 10. b3 Bd7 11. Ba3 O-O-O 12. e5 Nh5 13. g3 f6 14. Bd6 Qb6 15. c4 Bb8 16. c5 Qa7 17. a3 g6 18. b4 fxe5 19. Nxe5 Bxd6 20. cxd6 Nxe5 21. Qxe5 Rhf8 22. Nb3 Kb8 23. Nc5 Ka8 24. Rac1 Qb6 25. Kg2 Bc8 26. Na4 Qa7 27. Rc7 Nf6 28. Nc5 Ne8 29. Rxc8+ Rxc8 30. d7 Rb8 31. dxe8=Q Rfxe8 32. Nxe6 1-0

[Event "XXIX Cracovia 2018"]
[Site "Krakow"]
[Date "2018.12.29"]
[Round "4"]
[White "Grela, Kacper"]
[Black "Kosakowski, Jakub"]
[Result "1-0"]
[ECO "B51"]
[WhiteElo "2305"]
[BlackElo "2415"]
[Annotator "NA"]
[PlyCount "75"]
[EventDate "2018.12.27"]
[EventType "swiss"]
[EventCountry "POL"]
[SourceTitle "playchess.com"]
[Source "ChessBase"]
[SourceQuality "1"]
[TimeControl "40/5400+30:1800+30"]

1. e4 c5 2. Nf3 d6 3. Bb5+ Nd7 4. c4 Ngf6 5. Nc3 g6 6. O-O Bg7 7. d4 cxd4 8. Nxd4 O-O 9. Bxd7 Bxd7 10. b3 a6 11. Bb2 b5 12. cxb5 axb5 13. e5 dxe5 14. Ndxb5 Qb8 15. a4 Bc6 16. Qe2 e4 17. Rfd1 h5 18. h3 Qb7 19. Nd4 Bd7 20. Re1 e5 21. Ndb5 Rfd8 22. Qc4 Bf5 23. Red1 Bf8 24. Qc7 Qxc7 25. Nxc7 Rac8 26. Rxd8 Rxd8 27. a5 Bc5 28. Na4 Bd4 29. Bxd4 exd4 30. a6 e3 31. fxe3 dxe3 32. a7 Be4 33. Nc3 Ba8 34. Nxa8 Rxa8 35. b4 Nd7 36. Nd5 e2 37. Kf2 Ne5 38. Nc7 1-0

[Event "XXIX Cracovia 2018"]
[Site "Krakow"]
[Date "2018.12.29"]
[Round "4"]
[White "Nowicki, Bartosz"]
[Black "Jarmula, Lukasz"]
[Result "1-0"]
[ECO "B63"]
[WhiteElo "2305"]
[BlackElo "2481"]
[Annotator "ChessBase"]
[PlyCount "81"]
[EventDate "2018.12.27"]
[EventType "swiss"]
[EventCountry "POL"]
[SourceTitle "playchess.com"]
[Source "ChessBase"]
[SourceQuality "1"]
[TimeControl "40/5400+30:1800+30"]

1. e4 c5 2. Nf3 d6 3. d4 cxd4 4. Nxd4 Nf6 5. Nc3 Nc6 6. Bg5 e6 7. Qd2 Be7 8. O-O-O a6 9. Bxf6 gxf6 10. f4 Bd7 11. Kb1 b5 12. f5 Nxd4 13. Qxd4 Qc7 14. Be2 h5 15. Bf3 Rb8 16. h4 b4 17. Ne2 e5 18. Qd2 a5 19. Ng3 Bc6 20. Rhe1 a4 21. Nxh5 Bb5 22. Re3 Bc4 23. g4 Rg8 24. b3 Bb5 25. Be2 Bxe2 26. Qxe2 Rc8 27. Rg3 a3 28. Rdd3 Qb6 29. g5 fxg5 30. f6 Bf8 31. hxg5 Rh8 32. Qg4 Qc6 33. Rd2 Qd7 34. Qd1 Rh7 35. Rgd3 Rc6 36. Rd5 Qh3 37. Ng7+ Bxg7 38. fxg7 Qc3 39. g8=Q+ Ke7 40. Qc1 Rh1 41. Rd1 1-0

[Event "XXIX Cracovia 2018"]
[Site "Krakow"]
[Date "2018.12.29"]
[Round "4"]
[White "Zylka, Stanislaw"]
[Black "Strybuk, Artsiom I"]
[Result "1-0"]
[ECO "C65"]
[WhiteElo "2305"]
[BlackElo "2172"]
[Annotator "ChessBase"]
[PlyCount "159"]
[EventDate "2018.12.27"]
[EventType "swiss"]
[EventCountry "POL"]
[SourceTitle "playchess.com"]
[Source "ChessBase"]
[SourceQuality "1"]
[TimeControl "40/5400+30:1800+30"]

1. e4 e5 2. Nf3 Nc6 3. Bb5 Nf6 4. d3 Bc5 5. O-O d6 6. c3 O-O 7. Nbd2 Ne7 8. d4 exd4 9. cxd4 Bb6 10. Re1 c6 11. Bd3 Bg4 12. Qc2 h6 13. h3 Bxf3 14. Nxf3 d5 15. e5 Ne4 16. Bxe4 dxe4 17. Qxe4 Qd5 18. Qxd5 Nxd5 19. Bd2 Nc7 20. Rad1 Rfd8 21. Bc3 Ne6 22. g3 Rd5 23. Rd2 Rad8 24. Re4 R8d7 25. Kf1 g6 26. Ke2 Rd8 27. h4 h5 28. Kd1 Kf8 29. b4 Ke7 30. Kc2 a6 31. Kb3 Ba7 32. Kc4 R8d7 33. Kb3 Ke8 34. Kc2 Ke7 35. a3 Ke8 36. Kd1 Ke7 37. Ke2 Rd8 38. a4 R8d7 39. Kd1 Ke8 40. Kc2 Ke7 41. a5 Ke8 42. Kb3 Ke7 43. Kc4 Ke8 44. Re1 Ke7 45. Red1 Ke8 46. Ne1 Ng7 47. Ng2 Rb5 48. Ne3 Nf5 49. Rd3 Ke7 50. Rg1 Rd8 51. g4 hxg4 52. Rxg4 Rh8 53. Nxf5+ gxf5 54. Rf4 Rd5 55. Rdf3 Ke8 56. Rg3 f6 57. Rxf5 Rxh4 58. f4 fxe5 59. Rg8+ Ke7 60. Rg7+ Ke6 61. Rxe5+ Rxe5 62. fxe5 b5+ 63. axb6 Bxb6 64. Rg6+ Kd7 65. Rd6+ Kc7 66. Bd2 Rg4 67. Bh6 Kb7 68. Bf8 Re4 69. Kd3 Re1 70. Bh6 Bc7 71. Rd7 Kc8 72. Re7 Rh1 73. Bf4 a5 74. bxa5 Bxa5 75. e6 Kd8 76. Ra7 Bb6 77. Bg5+ Kc8 78. Ra8+ Kb7 79. e7 Rd1+ 80. Ke4 1-0

[Event "XXIX Cracovia 2018"]
[Site "Krakow"]
[Date "2018.12.29"]
[Round "4"]
[White "Lee, Qing Aun"]
[Black "Hnydiuk, Aleksander"]
[Result "1/2-1/2"]
[ECO "B03"]
[WhiteElo "2297"]
[BlackElo "2409"]
[Annotator "NA"]
[PlyCount "71"]
[EventDate "2018.12.27"]
[EventType "swiss"]
[EventCountry "POL"]
[SourceTitle "playchess.com"]
[Source "ChessBase"]
[SourceQuality "1"]
[TimeControl "40/5400+30:1800+30"]

1. e4 Nf6 2. e5 Nd5 3. c4 Nb6 4. d4 d6 5. exd6 exd6 6. Nc3 Be7 7. Bd3 Nc6 8. Be3 O-O 9. Nge2 Bg4 10. O-O Nb4 11. b3 Qd7 12. Bb1 Bf5 13. a3 Nc6 14. Bxf5 Qxf5 15. Ng3 Qd7 16. d5 Ne5 17. f4 Ng4 18. Bd4 c5 19. dxc6 bxc6 20. f5 Nf6 21. Nce4 Nxe4 22. Nxe4 f6 23. a4 d5 24. Nc5 Bxc5 25. Bxc5 Rfe8 26. a5 Nc8 27. Qd3 Nd6 28. cxd5 Ne4 29. d6 Nxc5 30. Qc4+ Ne6 31. fxe6 Qxd6 32. Rfe1 Qd5 33. Rad1 Qxc4 34. bxc4 Rad8 35. Rxd8 Rxd8 36. Rb1 1/2-1/2

[Event "XXIX Cracovia 2018"]
[Site "Krakow"]
[Date "2018.12.29"]
[Round "4"]
[White "Reza, Wojciech"]
[Black "Colijn, Stefan"]
[Result "1/2-1/2"]
[ECO "E15"]
[WhiteElo "2287"]
[BlackElo "2331"]
[Annotator "NA"]
[PlyCount "52"]
[EventDate "2018.12.27"]
[EventType "swiss"]
[EventCountry "POL"]
[SourceTitle "playchess.com"]
[Source "ChessBase"]
[SourceQuality "1"]
[TimeControl "40/5400+30:1800+30"]

1. d4 Nf6 2. c4 e6 3. Nf3 b6 4. g3 Ba6 5. Qc2 d5 6. cxd5 exd5 7. Bf4 Bd6 8. Bxd6 Qxd6 9. Bg2 O-O 10. O-O Re8 11. Nc3 Nbd7 12. Rfe1 c6 13. Rad1 Rad8 14. Nd2 Bb7 15. e4 Nxe4 16. Ndxe4 dxe4 17. Nxe4 Qg6 18. Qa4 a5 19. Nc3 Rxe1+ 20. Rxe1 Qd6 21. Ne4 Qc7 22. Qc4 Nf8 23. d5 Qd7 24. dxc6 Qxc6 25. Qxc6 Bxc6 26. Nc3 Bxg2 1/2-1/2

[Event "XXIX Cracovia 2018"]
[Site "Krakow"]
[Date "2018.12.29"]
[Round "4"]
[White "Czerw, Dawid"]
[Black "Molenda, Marcin"]
[Result "1/2-1/2"]
[ECO "E91"]
[WhiteElo "2275"]
[BlackElo "2383"]
[Annotator "NA"]
[PlyCount "34"]
[EventDate "2018.12.27"]
[EventType "swiss"]
[EventCountry "POL"]
[SourceTitle "playchess.com"]
[Source "ChessBase"]
[SourceQuality "1"]
[TimeControl "40/5400+30:1800+30"]

1. c4 Nf6 2. Nf3 g6 3. Nc3 Bg7 4. d4 O-O 5. e4 d6 6. Be2 Na6 7. O-O e5 8. Be3 Ng4 9. Bg5 Qe8 10. dxe5 dxe5 11. Qc1 c6 12. h3 Nf6 13. Bh6 Qe7 14. Bxg7 Kxg7 15. a3 Nh5 16. Re1 Nf4 17. Bf1 f6 1/2-1/2

[Event "XXIX Cracovia 2018"]
[Site "Krakow"]
[Date "2018.12.29"]
[Round "4"]
[White "Marczuk, Dominik"]
[Black "Biriukov, Nikolai"]
[Result "1/2-1/2"]
[ECO "B28"]
[WhiteElo "2274"]
[BlackElo "2365"]
[Annotator "NA"]
[PlyCount "34"]
[EventDate "2018.12.27"]
[EventType "swiss"]
[EventCountry "POL"]
[SourceTitle "playchess.com"]
[Source "ChessBase"]
[SourceQuality "1"]
[TimeControl "40/5400+30:1800+30"]

1. e4 c5 2. Nf3 a6 3. c3 d5 4. exd5 Qxd5 5. d4 e6 6. Be2 Nf6 7. O-O Nc6 8. Be3 cxd4 9. cxd4 Be7 10. Nc3 Qd6 11. Qd2 O-O 12. Rac1 Nd5 13. Nxd5 exd5 14. a3 Be6 15. Bf4 Qd7 16. Ne5 Nxe5 17. Bxe5 Rac8 1/2-1/2

[Event "XXIX Cracovia 2018"]
[Site "Krakow"]
[Date "2018.12.29"]
[Round "4"]
[White "Piotrowski, Przemyslaw"]
[Black "Mosesov, Danylo"]
[Result "1-0"]
[ECO "A13"]
[WhiteElo "2269"]
[BlackElo "2343"]
[Annotator "NA"]
[PlyCount "133"]
[EventDate "2018.12.27"]
[EventType "swiss"]
[EventCountry "POL"]
[SourceTitle "playchess.com"]
[Source "ChessBase"]
[SourceQuality "1"]
[TimeControl "40/5400+30:1800+30"]

1. Nf3 Nf6 2. c4 e6 3. g3 d5 4. Bg2 dxc4 5. Qa4+ Nbd7 6. O-O a6 7. Qxc4 b5 8. Qc2 Bb7 9. d3 c5 10. a4 Be7 11. Na3 {[%emt 0:07:48] A13: English Opening: 1...e6} (11. Nc3 Qb6 12. Qb3 b4 13. a5 Qd8 14. Nb1 Bd5 15. Qc2 O-O 16. Nbd2 Nb8 17. Rd1 Ra7 18. e4 Ba8 19. Nb3 {0-1 (49) Nakamura,H (2776)-Kramnik,V (2783) Zuerich 2015}) 11... O-O 12. Be3 Bc6 $146 ({Predecessor:} 12... Qb6 13. axb5 axb5 14. Qb3 Bc6 15. Rac1 Qb7 16. Qc2 Rfc8 17. Ne1 Bxg2 18. Nxg2 {1-0 (53) Mudrak,J (2315)-Votruba,P (2360) Czechia 1995}) 13. b4 bxa4 14. Bxc5 Nxc5 15. bxc5 Rc8 16. Rfc1 Bxf3 17. Bxf3 Bxc5 18. Qxa4 Nd5 19. Nc2 Qg5 20. Bxd5 Qxd5 21. Qxa6 h5 22. Ne3 Qd7 23. Ng2 Rc6 24. Qa4 Rd8 25. Rc4 e5 26. Qc2 Rdc8 27. Rc1 R6c7 28. Qb2 Qf5 29. e3 Qxd3 30. Qxe5 Bd6 31. Rxc7 Rxc7 32. Qa1 Be5 33. Ne1 Qe4 34. Qb1 Qxb1 35. Rxb1 g6 36. Nd3 Bf6 37. Kg2 Kg7 38. Kf3 Rc2 39. Rb7 g5 40. Rb5 Kg6 41. h3 Bd8 42. g4 hxg4+ 43. hxg4 Bc7 44. Rd5 f6 45. Nb4 Rc4 46. Rd4 Rxd4 47. exd4 f5 48. Nd5 Bd8 49. Kg3 fxg4 50. Kxg4 Ba5 51. Kf3 Be1 52. Ne3 Kf6 53. Ke4 Ke6 54. d5+ Kd6 $2 {[%emt 0:00:06] [#]} ({Better is} 54... Kf6 $14) 55. f3 $1 Bc3 $2 {[%emt 0:00:50] [#]} (55... Ke7 $14) 56. Nf5+ $2 ({White must play} 56. Nc4+ $1 $18 Kc5 57. Ne5) 56... Kc5 57. Nh6 Bd2 58. Ke5 Bf4+ 59. Ke6 Kd4 60. Ng4 Bc7 61. d6 Ba5 62. d7 Kd3 63. Kf5 Bd8 64. Ne5+ Ke3 65. Kg4 Bf6 66. Nf7 Kf2 67. d8=Q 1-0